 Dungeon Crawl Stone Soup version 0.20-a0-738-gb057e68 (webtiles) character file.

172 polly the Slasher (level 5, -6/39 HPs)
             Began as a Demonspawn Gladiator on Feb 24, 2017.
             Killed from afar by Sigmund (8 damage)
             ... with a magic dart
             ... on level 3 of the Dungeon.
             The game lasted 00:03:08 (2190 turns).

polly the Slasher (Demonspawn Gladiator)            Turns: 2190, Time: 00:03:09

Health: -6/39      AC:  4    Str: 15    XL:     5   Next: 27%
Magic:  5/5        EV: 19    Int: 14    God:
Gold:   219        SH:  0    Dex: 20    Spells: 4/4 levels left

rFire    . . .     SeeInvis .   a - +0 long sword
rCold    + . .     Gourm    .   b - +0 leather armour
rNeg     . . .     Faith    .   (no shield)
rPois    .         Spirit   .   c - +0 helmet
rElec    .         Reflect  .   (no cloak)
rCorr    .         Harm     .   (no gloves)
MR       .....                  (no boots)
Stlth    +++.......             (no amulet)
Regen    0.2/turn               (no ring)
MPRegen  0.1/turn               j - ring of protection from cold

@: brilliant, agile
A: hooves 1, powered by death 1
a: no special abilities


You were on level 3 of the Dungeon.
You were near starving.

You visited 1 branch of the dungeon, and saw 3 of its levels.

You collected 219 gold pieces.

Inventory:

Hand Weapons
 a - a +0 long sword (weapon)
Missiles
 d - 3 throwing nets (quivered)
Armour
 b - a +0 leather armour (worn)
 c - a +0 helmet (worn)
Jewellery
 j - a ring of protection from cold (left hand)
Scrolls
 g - a scroll of immolation {unknown}
 h - 4 scrolls of identify {unknown}
 k - 2 scrolls of teleportation {unknown}
 l - a scroll of enchant armour {unknown}
 n - a scroll of blinking {unknown}
 o - a scroll of magic mapping {unknown}
 p - a scroll of remove curse {unknown}
Comestibles
 f - a bread ration
 i - 2 royal jellies


   Skills:
 + Level 2.5 Fighting
 + Level 3.7 Long Blades
 + Level 1.9 Throwing
 + Level 2.2 Armour
 + Level 3.4 Dodging
 + Level 0.8 Stealth


You had 4 spell levels left.
You didn't know any spells.

Dungeon Overview and Level Annotations

Branches:
Dungeon (3/15)

Altars:

Annotations:
D:3 Natasha; Sigmund; polly's ghost, amateur DsGl


Innate Abilities, Weirdness & Mutations

You have large cloven feet.
You regenerate a little health from kills.


Message History

You closely miss something.
You feel less confused. Natasha closely misses you.
Something closely misses you.
You miss something. You kick something. Natasha completely misses you.
Something closely misses you. Natasha closely misses you.
You riposte.
You closely miss Natasha. You kick Natasha, but do no damage.
You barely miss something. Your kick misses something.
Natasha barely misses you. Something closely misses you.
You hit something. You kick something.
Natasha mumbles some strange words.
Something barely misses you.
You completely miss something. Natasha claws you.
* * * LOW HITPOINT WARNING * * *
The crimson imp blinks!
You slash something! Natasha completely misses you.
You riposte.
You closely miss Natasha.
You hear some strange, mumbled words.
A magic dart appears from out of thin air!
The magic dart hits you!
You die...

.# ##.# ....###...# #
.#####..... #####.. .#
...... ..... .#
##.....####..# # ##
........#...##.#
#..##...#.....#
#..##..#.#{#
#......##.@#####.# #
#..#...##.h......#
#.#.>.....#..........
#..<......#........##
.......................#
....##.....##.#........#
### #.....##.#........#
#........#........#
#.....###########.[


You could see Natasha.

Vanquished Creatures
  Terence (D:2)
  Natasha (D:3)
  5 adders
  3 oozes
  4 leopard geckos
  4 giant cockroaches
  3 hobgoblins
  7 jackals (D:1)
  3 quokkas (D:2)
  7 bats
  2 frilled lizards (D:2)
  9 goblins
  8 kobolds
  3 rats
60 creatures vanquished.

Notes
Turn   | Place    | Note
-------+----------+-------------------------------------------
     0 | D:1      | polly the Demonspawn Gladiator began the quest for the Orb.
     0 | D:1      | Reached XP level 1. HP: 16/16 MP: 1/1
   387 | D:1      | Gained mutation: You regenerate a little health from kills. [demonic ancestry]
   387 | D:1      | Reached XP level 2. HP: 17/22 MP: 2/2
   469 | D:1      | HP: 1/22 [kobold/whip (4)]
   743 | D:1      | Reached XP level 3. HP: 24/27 MP: 3/3
  1075 | D:2      | Reached skill level 1 in Armour
  1080 | D:2      | Noticed Terence
  1097 | D:2      | Killed Terence
  1097 | D:2      | Reached XP level 4. HP: 18/33 MP: 4/4
  1871 | D:3      | Noticed polly's ghost (amateur DsGl)
  1940 | D:2      | Gained mutation: You have large cloven feet. [demonic ancestry]
  1940 | D:2      | Reached XP level 5. HP: 11/39 MP: 5/5
  2154 | D:3      | Noticed Natasha
  2161 | D:3      | Killed Natasha
  2168 | D:3      | Noticed Sigmund
  2169 | D:3      | Noticed Natasha
  2190 | D:3      | Killed from afar by Sigmund

Vault maps used:
D:1:      saegor_arrival_simple_b, minmay_misc_feat_doors
D:2:      uniq_terence
D:3:      minmay_goblin_kobold_castle, grunt_temple_overflow_open,
          gammafunk_temple_overflow_wave, uniq_grinder, uniq_iyjb, uniq_sigmund,
          uniq_natasha

Skill      XL: |  1  2  3  4 |
---------------+-------------+-----
Long Blades    | 3 |  3.7
Dodging        | 3 |  3.4
Armour         | 1 2 |  2.2
Fighting       | |  2.5
Throwing       | |  1.9
Stealth        | |  0.8

Action                   |  1- 3 |  4- 6 || total
-------------------------+-------+-------++-------
Melee: Long sword        |   114 |    91 ||   205
       Kick              |       |     8 ||     8
  Use: Potion            |     1 |     2 ||     3
 Stab: Sleeping          |       |     1 ||     1
  Eat: Chunk             |       |     3 ||     3
Armor: Leather armour    |    40 |    22 ||    62
Dodge: Dodged            |   125 |    95 ||   220
       Rpst.: Long sword |    45 |    27 ||    72
